 Dungeon Crawl Stone Soup version 0.18-a0-1677-g2bdad6c (webtiles) character file.

30 HeWhoDoesNotSavescum the Insei (level 3, -6/29 HPs)
             Began as a Mummy Monk on Apr 2, 2016.
             Mangled by Natasha (8 damage)
             ... on level 3 of the Dungeon.
             The game lasted 00:02:59 (1701 turns).

HeWhoDoesNotSavescum the Insei (Mummy Monk)         Turns: 1701, Time: 00:03:00

Health: -6/29      AC:  0    Str: 14    XL:     3   Next: 5%
Magic:  3/3        EV: 13    Int:  9    God:
Gold:   34         SH:  0    Dex: 15    Spells: 0 memorised, 2 levels left

rFire  x . .     SeeInvis .       - Unarmed
rCold  + . .     Gourm    .     (no armour)
rNeg   + + +     Faith    .     (no shield)
rPois  ∞         Spirit   .     (no helmet)
rElec  .         Dismiss  .     (no cloak)
rCorr  .         Reflect  .     (no gloves)
SustAt .         Harm     .     (no boots)
MR     +....                    (no amulet)
Stlth  ++........               (no ring)
                                c - ring of protection from magic

@: somewhat resistant to hostile enchantments, unstealthy
A: no food or potions, fire vulnerability, cold resistance 1, negative energy
resistance 3, torment resistance, unbreathing
a: no special abilities


You were on level 3 of the Dungeon.
You were not hungry.

You visited 1 branch of the dungeon, and saw 4 of its levels.

You collected 34 gold pieces.


Innate Abilities, Weirdness & Mutations

You do not eat or drink.
Your flesh is vulnerable to fire.
You are immune to poison.
Your flesh is cold resistant.
You are immune to negative energy.
You are immune to unholy pain and torment.
You can survive without breathing.


   Skills:
 - Level 3.0 Fighting
 - Level 2.4 Dodging
 - Level 1.5 Stealth
 + Level 4.1 Unarmed Combat


You had 2 spell levels left.
You didn't know any spells.

Inventory:

Jewellery
 c - a ring of protection from magic (left hand)
Scrolls
 a - 2 scrolls of identify {unknown}
 b - a scroll of teleportation {unknown}
 d - a scroll of fog {unknown}
 e - a scroll of enchant armour {unknown}
 f - a scroll of immolation {unknown}

Dungeon Overview and Level Annotations

Branches:
Dungeon (4/15)
 Temple: D:4-7

Altars:

Annotations:
D:2 Sigmund
D:3 Eustachio, Natasha

▒▒▒.....▒ .........▒▒...▒ ▒.
.(....▒........%.....▒....) ▒▒.
......▒▒▒▒▒......S......... ...
..@....▒▒ ▒.......).£..... ...
.....5..▒▒▒▒............!...▒▒▒▒.
......5........................▒▒
......▒..▒▒▒▒▒....).........▒▒.▒▒
........@@5....▒▒▒▒<........▒ ...
......▒▒#▒▒▒▒▒▒hM5.....[?...▒ ▒.
...........w....▒▒...▒......▒▒▒▒.
....▒▒▒▒▒.....#......▒▒..........
.▒▒▒ ▒................)........(
▒.▒▒..£................)... ▒.%
▒▒..........▒▒▒....▒▒▒▒. ...
▒..................▒▒▒▒ ...▒
▒...........▒.......... ...
..........▒......w.▒...


You could see Eustachio, a worm, Natasha, a crimson imp and a white imp.


Message History

You climb upwards!
Level annotation: Natasha
Found 8 gold pieces!
There is a stone staircase leading down here!
Eustachio hits you with a rapier of draining! * * * don't die
* * * Eustachio gestures wildly while chanting!
A worm comes into view!
Found 13 stones!
A worm comes into view!
Eustachio mumbles some strange words!
Eustachio blinks!!!
The shadow imp gestures at you! You resist with some effort!
The white imp lashes its tail!
The white imp gestures at you! The puff of frost hits you!!!
You resist! * * * don't die
* * * Eustachio mumbles some strange words!
Found a bread ration!
Natasha hisses angrily!
You see here a scroll labeled JUENACLY LERY!
Natasha casts a spell!
Natasha claws you! * * * don't die
* * * The crimson imp blinks!!!
You closely miss the crimson imp!
The crimson imp lashes its tail!
The crimson imp closely misses you! Natasha claws you!!! rip

Action                   || total
-------------------------++-------
Melee: Unarmed           ||   107
 Stab: Sleeping          ||     1

Vault maps used:
D:1:      minmay_arrival_five_plusses
D:2:      ecumenical_altar_1, uniq_sigmund
D:3:      uniq_natasha
D:4:      grunt_dithmenos_smoke_and_mirrors, uniq_edmund, uniq_eustachio,
          uniq_pikel

Notes
Turn   | Place    | Note
--------------------------------------------------------------
     0 | D:1      | HeWhoDoesNotSavescum the Mummy Monk began the quest for the Orb.
     0 | D:1      | Reached XP level 1. HP: 18/18 MP: 1/1
   514 | D:1      | Reached XP level 2. HP: 23/24 MP: 2/2
  1230 | D:2      | Reached skill level 4 in Unarmed Combat
  1292 | D:2      | Noticed Sigmund
  1330 | D:3      | Noticed Natasha
  1345 | D:3      | Reached XP level 3. HP: 11/29 MP: 3/3
  1675 | D:4      | Noticed Eustachio
  1698 | D:3      | HP: 2/29 [Natasha (6)]
  1701 | D:3      | Mangled by Natasha

Vanquished Creatures
  A giant gecko (D:1)
  5 giant cockroaches
  4 hobgoblins
  A quokka (D:3)
  3 bats (D:1)
  A giant newt (D:1)
  6 goblins
  2 kobolds
  3 rats
26 creatures vanquished.
